 Dungeon Crawl Stone Soup version 0.23.1 (webtiles) character file.

Game seed: 18367297688615189191

1043 Honti the Destroyer (level 8, -3/44 HPs)
             Began as a Deep Elf Conjurer on Mar 15, 2019.
             Was a Follower of Vehumet.
             Slain by a two-headed ogre
             ... wielding a +0 giant club
              (28 damage)
             ... on level 8 of the Dungeon.
             The game lasted 00:18:36 (6647 turns).

Honti the Destroyer (Deep Elf Conjurer)             Turns: 6647, Time: 00:18:36

Health: -3/44      AC:  6    Str:  7    XL:     8   Next: 4%
Magic:  0/20       EV: 14    Int: 23    God:    Vehumet [*.....]
Gold:   283        SH:  0    Dex: 19    Spells: 6/21 levels left

rFire    + . .     SeeInvis .   y - +4 short sword of Camnave {flame, Str+2 Dex+4}
rCold    . . .     Gourm    .   (no shield)
rNeg     . . .     Faith    .   a - +0 robe
rPois    .         Spirit   .   (no helmet)
rElec    .         Reflect  .   q - +0 cloak
rCorr    .         Harm     .   (no gloves)
MR       .....                  (no boots)
Stlth    ++........             (no amulet)
HPRegen  0.14/turn              s - ring of protection from fire
MPRegen  0.17/turn              u - +3 ring of protection

@: no status effects
A: no striking features
a: Renounce Religion


You were on level 8 of the Dungeon.
You worshipped Vehumet.
Vehumet was aware of your devotion.
You were not hungry.

You visited 2 branches of the dungeon, and saw 9 of its levels.

You collected 283 gold pieces.

Inventory:

Hand Weapons
 y - the +4 short sword of Camnave (weapon) {flame, Str+2 Dex+4}
   (You found it on level 4 of the Dungeon)

   It has been specially enchanted to burn those struck by it, causing extra
   injury to most foes and up to half again as much damage against particularly
   susceptible opponents.
   It affects your strength (+2).
   It affects your dexterity (+4).
Missiles
 k - 148 stones (quivered)
Armour
 a - a +0 robe (worn)
 q - a +0 cloak (worn)
 t - a +0 buckler
Jewellery
 s - a ring of protection from fire (left hand)
 u - a +3 ring of protection (right hand)
Scrolls
 d - a scroll of noise {unknown}
 e - a scroll of enchant armour {unknown}
 f - 2 scrolls of amnesia {unknown}
 g - 3 scrolls of remove curse {unknown}
 i - a scroll of immolation {unknown}
 m - 2 scrolls of fear {unknown}
 p - 3 scrolls of enchant weapon {unknown}
 v - a scroll of blinking {unknown}
 w - a scroll of magic mapping {unknown}
 x - 4 scrolls of identify
 z - a scroll of teleportation {unknown}
Potions
 b - 2 potions of might
 h - a potion of magic
 j - a potion of berserk rage
 l - 2 potions of invisibility
 n - 3 potions of curing
 o - 2 potions of brilliance
Comestibles
 c - 12 rations


   Skills:
 + Level 1.7 Fighting
 + Level 3.7 Dodging
 - Level 2.4 Stealth
 + Level 7.1 Spellcasting
 * Level 8.9 Conjurations
 * Level 0.5 Fire Magic


You had 6 spell levels left.
You knew the following spells:

 Your Spells              Type           Power        Failure   Level  Hunger
a - Magic Dart            Conj           ####         1%          1    None
b - Searing Ray           Conj           #####.       1%          2    None
c - Iskenderun's Mystic   Conj           #####...     1%          4    ###....
d - Dazzling Spray        Conj/Hex       ####..       3%          3    None
e - Force Lance           Conj/Tloc      ####....     12%         4    ###....
f - Flame Tongue          Conj/Fire      ####.        1%          1    None

Your spell library contained the following spells:

 Spells                   Type           Power        Failure   Level  Hunger
 Fulminant Prism          Conj/Hex       ####......   12%         4    ###....


Dungeon Overview and Level Annotations

Branches:
Dungeon (9/15)             Temple (1/1) D:5
   Lair: D:8-11         Orc: D:9-12

Altars:
Ashenzari
Cheibriados
Dithmenos
Elyvilon
Hepliaklqana
Kikubaaqudgha
Makhleb
Nemelex Xobeh
Okawaru
Qazlal
Uskayaw
Vehumet
Wu Jian
Xom
Zin
The Shining One

Shops:
D:8 :


Message History

You see here a tomahawk.
You see here a tomahawk.
Casting: Searing Ray (safe; 1% risk of failure)
Confirm with . or Enter, or press ? or * to list all spells.
Aiming: Searing Ray (safe; 1% risk of failure)
Press: ? - help, Shift-Dir - straight line, f/p - two-headed ogre
Aim: a two-headed ogre, wielding two +0 giant clubs (severely wounded)
The searing ray hits the two-headed ogre.
The two-headed ogre is severely wounded. (Press . to maintain the ray.)
The searing ray misses the two-headed ogre.
The two-headed ogre hits you with a +0 giant club! x2
The searing ray hits the two-headed ogre!
The two-headed ogre is almost dead.
The two-headed ogre completely misses you.
The two-headed ogre closely misses you.
You feel better.
The two-headed ogre hits you with a +0 giant club!!
Ouch! That really hurt!
You die...

....†......# #.
...[..∩.# #..
#.....## #...
#......####..#
##..(.......#
#...(....##
#....(...#
###.....O..##
#........#@..#
.........###..##
.........# ..##
.........# ..####
.........# ###......
.........###........
....................
...................
#..................


You could see a two-headed ogre.

Vanquished Creatures
  An orc warrior (D:5)
  2 ogres (D:6)
  A bullfrog (D:6)
  A scorpion (D:8)
  2 howler monkeys
  Crazy Yiuf (D:2)
  2 orc priests
  A hound (D:5)
  2 orc wizards (D:3)
  2 iguanas
  4 worker ants
  A hound zombie (D:4)
  8 gnolls
  5 adders
  An ooze (D:1)
  An adder skeleton (D:4)
  2 worms (D:3)
  A dart slug (D:1)
  3 leopard geckos
  21 orcs
  10 bats
  2 giant cockroaches
  5 goblins
  9 hobgoblins
  13 jackals
  5 kobolds
  A quokka (D:6)
  2 ball pythons
  7 frilled lizards
  A jackal skeleton (D:5)
  7 rats
124 creatures vanquished.

Vanquished Creatures (others)
  A kobold (D:9)
  7 fungi (D:8)
  A plant (D:8)
9 creatures vanquished.

Grand Total: 133 creatures vanquished

Notes
Turn   | Place    | Note
-------+----------+-------------------------------------------
     0 | D:1      | Honti the Deep Elf Conjurer began the quest for the Orb.
     0 | D:1      | Reached XP level 1. HP: 10/10 MP: 6/6
   221 | D:1      | Reached XP level 2. HP: 15/15 MP: 1/8
   359 | D:1      | Reached skill level 5 in Conjurations
   366 | D:1      | Learned a level 2 spell: Searing Ray
   609 | D:1      | Reached XP level 3. HP: 19/19 MP: 6/10
  1078 | D:1      | Found a shattered altar of Ashenzari.
  1747 | D:2      | Found a hide-covered altar of Uskayaw.
  1840 | D:2      | Reached XP level 4. HP: 24/24 MP: 3/12
  2107 | D:2      | Found a runed translucent door.
  2108 | D:2      | Noticed Crazy Yiuf
  2261 | D:2      | Killed Crazy Yiuf
  2261 | D:2      | Reached skill level 6 in Conjurations
  2846 | D:3      | Reached XP level 5. HP: 28/28 MP: 10/14
  2848 | D:3      | Reached skill level 5 in Spellcasting
  3459 | D:3      | Learned a level 4 spell: Iskenderun's Mystic Blast
  3463 | D:3      | Learned a level 3 spell: Dazzling Spray
  3627 | D:4      | Reached skill level 7 in Conjurations
  3667 | D:4      | Reached XP level 6. HP: 32/32 MP: 11/16
  4403 | D:4      | Got an encrusted short sword
  4404 | D:4      | Identified the +4 short sword of Camnave {flame, Str+2
                  | Dex+4} (You found it on level 4 of the Dungeon)
  4593 | D:5      | Entered Level 5 of the Dungeon
  4704 | D:5      | Found a staircase to the Ecumenical Temple.
  4712 | Temple   | Entered the Ecumenical Temple
  4805 | Temple   | Became a worshipper of Vehumet
  5075 | D:5      | Reached skill level 8 in Conjurations
  5107 | D:5      | Reached XP level 7. HP: 36/36 MP: 10/18
  6132 | D:6      | Reached skill level 1 in Fighting
  6368 | D:6      | Reached * piety under Vehumet
  6368 | D:6      | Offered knowledge of Flame Tongue by Vehumet.
  6478 | D:6      | Learned a level 4 spell: Force Lance
  6480 | D:6      | Learned a level 1 spell: Flame Tongue
  6482 | D:6      | You fall through a shaft for 3 floors!
  6526 | D:8      | Reached XP level 8. HP: 44/44 MP: 12/20
  6599 | D:8      | Found Sidaupoc's Book Shop.
  6631 | D:8      | Noticed a two-headed ogre
  6647 | D:8      | Slain by a two-headed ogre

Skill      XL: |  1  2  3  4  5  6  7 |
---------------+----------------------+-----
Conjurations   | 5 6 7 8 |  8.9
Spellcasting   | 4 5 6 7 |  7.1
Fighting       | 1 |  1.7
Dodging        | 3 |  3.7
Stealth        | |  2.4
Fire Magic     | |  0.5

Action                   |  1- 3 |  4- 6 |  7- 9 || total
-------------------------+-------+-------+-------++-------
Melee: Short sword       |     7 |     3 |       ||    10
 Cast: Magic Dart        |    63 |   110 |    60 ||   233
       Searing Ray       |       |    13 |    12 ||    25
       Iskenderun's Myst |       |       |     5 ||     5
  Use: Scroll            |       |     6 |       ||     6
       Potion            |       |       |     5 ||     5
 Stab: Sleeping          |     1 |       |       ||     1
  Eat: Chunk             |     3 |     6 |     5 ||    14
       Ration            |       |     1 |       ||     1
Armor: Robe              |     4 |     3 |     7 ||    14
Dodge: Dodged            |    11 |    14 |    31 ||    56
